 Dungeon Crawl Stone Soup version 0.24-a0-84-g25a2d9f (webtiles) character file.

Game seed: 656533999456781908

2 Blackhawk the Digger (level 1, 0/10 HPs)
             Began as a Gargoyle Wanderer on Feb 7, 2019.
             Slain by a frilled lizard (2 damage)
             ... on level 1 of the Dungeon.
             The game lasted 00:00:41 (105 turns).

Blackhawk the Digger (Gargoyle Wanderer)             Turns: 105, Time: 00:00:41

Health: 0/10       AC:  4    Str: 20    XL:     1   Next: 30%
Magic:  1/3        EV:  8    Int: 10    God:
Gold:   0          SH:  7    Dex:  6    Spells: 3/4 levels left

rFire    . . .     SeeInvis .   d - +0 club
rCold    . . .     Gourm    .   a - +0 shield
rNeg     + . .     Faith    .   c - +0 robe
rPois    ∞         Spirit   .   (no helmet)
rElec    +         Reflect  .   (no cloak)
rCorr    .         Harm     .   (no gloves)
MR       .....                  (no boots)
Stlth    +.........             (no amulet)
HPRegen  0.03/turn              (no ring)
MPRegen  0.08/turn              (no ring)

@: very slightly contaminated
A: negative energy resistance 1, electricity resistance, unbreathing,
petrification resistance, rot immunity, AC +2
a: no special abilities


You were on level 1 of the Dungeon.
You were not hungry.

You visited 1 branch of the dungeon, and saw 1 of its levels.

Inventory:

Hand Weapons
 d - a +0 club (weapon)
Armour
 a - a +0 shield (worn)
 c - a +0 robe (worn)
Scrolls
 e - a scroll of identify {unknown}
Comestibles
 b - 3 chunks of flesh
 f - a ration


   Skills:
 + Level 1.4 Shields
 - Level 2.0 Spellcasting
   Level 7.2 Earth Magic
   Level 1.0 Evocations


You had 3 spell levels left.
You knew the following spells:

 Your Spells              Type           Power        Failure   Level  Hunger
a - Summon Butterflies    Summ           #.......     87%         1    ##.....

Your spell library contained the following spells:

 Spells                   Type           Power        Failure   Level  Hunger
 Summon Guardian Golem    Hex/Summ       #.......     99%         3    ####...


Dungeon Overview and Level Annotations

Branches:
Dungeon (1/15)

Altars:


Innate Abilities, Weirdness & Mutations

You are resistant to torment.
Your stone body is resilient. (AC +2)
You are immune to poison.
You resist negative energy. (rN+)
You are resistant to electric shocks. (rElec)
You can survive without breathing.
You are immune to petrification.
You are immune to rotting.


Message History

You are very lightly contaminated with residual magic.
A fistful of eyes flickers past your view.
You block the frilled lizard's attack. The kobold barely misses you.
The kobold hits you but does no damage.
Casting: Summon Butterflies (safe; 87% risk of failure)
Confirm with . or Enter, or press ? or * to list all spells.
You miscast Summon Butterflies.
The world appears momentarily distorted.
The frilled lizard bites you. The kobold barely misses you.
Casting: Summon Butterflies (safe; 87% risk of failure)
Confirm with . or Enter, or press ? or * to list all spells.
You miscast Summon Butterflies.
You hear strange voices.
The frilled lizard barely misses you.
Unknown command.
You closely miss the frilled lizard. The frilled lizard bites you.
* * * LOW HITPOINT WARNING * * *
You closely miss the frilled lizard. The frilled lizard bites you.
You die...

#..g÷........#
#..#
#............#
#..#
+####...........g#
#..##
.......#########g#
#...## #####.##
####.# #.[#.# #
#..# ####...g#
#..#.# ###
............K#
#..#.# ##..
#.#.###.###.#l#
#..#.# #.## #. ..
...#@# #..#.# ##<#
#. ##. #.#.#.#
#..#.## ### #. K
...# #.# #..##.#
#. #.# ... #.## ..
... ##.## ....#
##.### ....#
##..#### #....#
###.... #####


You could see 2 hobgoblins, a goblin, a kobold and a frilled lizard.

Vanquished Creatures
  A giant cockroach (D:1)
  A rat (D:1)
2 creatures vanquished.

Notes
Turn   | Place    | Note
-------+----------+-------------------------------------------
     0 | D:1      | Blackhawk the Gargoyle Wanderer began the quest for the
                  | Orb.
     0 | D:1      | Blackhawk set off with the following items: a +0 shield, a
                  | +0 robe, a +0 club, a ration; and the following spell
                  | memorised: Summon Butterflies; and the following spells
                  | available to memorise: Summon Guardian Golem
     0 | D:1      | Reached XP level 1. HP: 10/10 MP: 3/3
   105 | D:1      | Slain by a frilled lizard

Levels and vault maps discovered:

Action                   || total
-------------------------++-------
Melee: Club              ||    14
Armor: Robe              ||     4
Dodge: Dodged            ||     7
Block: Shield            ||     7

Table legend:
 A = Non-vault XP
 B = Vault XP
 C = Vault XP percentage of total XP
 D = Non-vault monster count
 E = Vault monster count
 F = Vault count percentage of total count
                 A         B        C        D         E       F
            +---------+---------+-------+---------+---------+-------
      Total |       3 |       0 |   0.0 |       2 |       0 |   0.0
            +---------+---------+-------+---------+---------+-------
        D:1 |       3 |       0 |   0.0 |       2 |       0 |   0.0
            +---------+---------+-------+---------+---------+-------
